 Dungeon Crawl Stone Soup version 0.29.1-12-g30fa7ad0bf (webtiles) character file.

Game seed: 2483183792530008219

38 safid the Chiller (level 3, -1/24 HPs)
             Began as a Merfolk Ice Elementalist on Jan 13, 2023.
             Slain by Terence
             ... wielding a +0 flail
              (6 damage)
             ... on level 2 of the Dungeon.
             The game lasted 00:03:59 (1914 turns).

safid the Chiller (Merfolk Ice Elementalist)        Turns: 1914, Time: 00:04:00

Health: -1/24      AC:  3    Str:  8    XL:     3   Next: 43%
Magic:  7/7        EV: 12    Int: 16    God:
Gold:   57         SH:  0    Dex: 14    Spells: 3/7 levels left

rFire   . . .      SeeInvis .   i - +1 dagger (venom)
rCold   . . .      Faith    .   (no shield)
rNeg    . . .      Spirit   .   a - +0 robe
rPois   .          Reflect  .   (no helmet)
rElec   .          Harm     .   (no cloak)
rCorr   .          Rampage  .   (no gloves)
Will    .....                   g - +0 pair of boots
Stlth   ++........              (no amulet)
HPRegen 0.08/turn               (no ring)
MPRegen 0.10/turn               (no ring)

@: brilliant
A: (nimble swimmer 2), mertail
a: no special abilities


You were on level 2 of the Dungeon.
You visited 1 branch of the dungeon, and saw 2 of its levels.

You collected 57 gold pieces.

Inventory:

Hand Weapons
 i - a +1 dagger of venom (weapon)
Armour
 a - a +0 robe (worn)
 g - a +0 pair of boots (worn)
Magical Staves
 k - a staff of poison
Scrolls
 e - a scroll of identify {unknown}
 f - 2 scrolls of teleportation {unknown}
 j - a scroll of immolation {unknown}
Potions
 b - a potion of magic
 c - a potion of brilliance
 d - a potion of lignification {unknown}
 h - a potion of curing {unknown}


   Skills:
 - Level 2.6 Dodging
 - Level 2.1 Stealth
 + Level 2.8 Spellcasting
 + Level 5.0 Ice Magic


You had 3 spell levels left.
You knew the following spells:

 Your Spells              Type           Power      Damage    Failure   Level
a - Freeze                Ice            100%       1d11      2%          1
b - Frozen Ramparts       Ice            54%        1d9       7%          3

Your spell library contained the following spells:

 Spells                   Type           Power      Damage    Failure   Level
 Ozocubu's Armour         Ice            27%        N/A       7%          3
 Hailstorm                Conj/Ice       15%        3d5       54%         4


Dungeon Overview and Level Annotations

Branches:
Dungeon (2/15)

Altars:

Annotations:
D:2 Sigmund, Terence


Innate Abilities, Weirdness & Mutations

((You are very nimble when in or above water. (Stealth+, EV+, Speed+++)))
Your lower body shifts to a powerful aquatic tail in water.


Message History

You hit the goblin.
The goblin is poisoned.
The goblin is severely wounded.
The goblin closely misses you.
You barely miss the goblin.
The goblin is severely wounded.
You kill the goblin!
No target in view!
You see here a +0 club.
Found a dagger.
You now have 57 gold pieces (gained 11).
Sigmund the Dreaded comes into view.
He is wielding a +0 scythe.
Sigmund shouts!
Terence the Incautious comes into view.
He is wielding a +0 flail.
Sigmund gestures at you while chanting. The magic dart hits you!
Sigmund barely misses you.
You barely miss Sigmund. You closely miss Sigmund. Sigmund closely misses you.
Terence shouts!
You hit Sigmund.
Sigmund is poisoned.
Sigmund is lightly wounded.
Sigmund closely misses you.
You hit Sigmund.
Sigmund looks as sick as possible!
Sigmund is moderately wounded.
You hit Sigmund but do no damage.
Sigmund looks as sick as possible!
Sigmund is heavily wounded.
A bat comes into view.
Sigmund hits you but does no damage. Terence barely misses you.
Unknown command.
You hit Sigmund but do no damage.
Sigmund looks as sick as possible!
Sigmund is severely wounded.
Terence hits you with a +0 flail. Sigmund casts a spell at you.
The puff of flame hits you!
* * * LOW HITPOINT WARNING * * *
Unknown command.
It was a potion of brilliance.
You feel clever all of a sudden. The bat hits you but does no damage.
Terence hits you with a +0 flail.
You die...

..)......###..##
.##.....## ##..#
## .##.#####
##.# . ###.#
#.## .# # #.#
#..# . ..# ##.#
.# ### #.##b#
#.#..##..#
#.@@.....#
#...@......
....#....#... ..
###.....#... .
.# ...###.......
. #### #.##... #
.# ... #####. #.
.. ......


You could see Sigmund (extremely poisoned), Terence and a bat.

Vanquished Creatures
  A dart slug (D:1)
  4 bats (D:1)
  2 endoplasms (D:1)
  4 giant cockroaches
  3 goblins
  A hobgoblin (D:1)
  6 jackals (D:1)
  A kobold (D:1)
  A quokka (D:1)
  4 ball pythons
  3 frilled lizards (D:1)
  3 rats (D:1)
33 creatures vanquished.

Notes
Turn   | Place    | Note
-------+----------+-------------------------------------------
     0 | D:1      | safid the Merfolk Ice Elementalist began the quest for the
                  | Orb.
     0 | D:1      | Reached XP level 1. HP: 13/13 MP: 3/3
   277 | D:1      | Found a faded altar of an unknown god.
   333 | D:1      | Reached XP level 2. HP: 13/19 MP: 5/5
  1260 | D:1      | Reached XP level 3. HP: 24/24 MP: 6/6
  1264 | D:1      | Learned a level 3 spell: Frozen Ramparts
  1435 | D:1      | Reached skill level 5 in Ice Magic
  1906 | D:2      | Noticed Sigmund
  1906 | D:2      | Noticed Terence
  1914 | D:2      | Slain by Terence

Illustrated notes

Levels and vault maps discovered:
D:1:      grunt_arrival_crossed_arrows, layout_loops_corners,
          hellmonk_ecumenical_altar_heavens_door, minivault_27
D:2:      layout_rooms, patterned_corridor, uniq_terence, uniq_sigmund

Skill      XL: |  1  2  3 |
---------------+----------+-----
Ice Magic      | 5 |  5.0
Dodging        | |  2.6
Stealth        | |  2.1
Spellcasting   | |  2.8

Action                   || total
-------------------------++-------
Melee: Spear             ||    41
       Unarmed           ||     1
       Dagger            ||    32
 Cast: Freeze            ||    25
  Use: Potion            ||     1
 Stab: Sleeping          ||     8
Armor: Robe              ||    21
Dodge: Dodged            ||    60
